AoeStats
← fechinoo

Arena

508133962Analyzed
4v4 RM · 12d ago on Sep 21, 2026· 48m 46s· 8 players
Game mode
Random Map
Map size
Large (8 player)
Population
200
Speed
Normal
Resources
Standard
Victory
Conquest
Starting age
Dark Age
Ending age
Imperial Age
RankedLock teamsTeams togetherTeam positionsShared explorationLock speedFull tech treeHidden civsTurbo modeCheats
Victory
Defeat
🇸🇮 Wu · Slovenia
1115
+13
🇹🇷 Teutons · Türkiye
1112
+13
🇦🇷 Persians · Argentina
1084
+36
🇨🇳 Mongols · China
992
+19
🇺🇸 Inca · United States
1062
-15
🇮🇳 Malians · India
1059
-15
🇵🇹 Khmer · Portugal
1047
-15
🇲🇽 Burgundians · Mexico
1042
-15
DodoUltimo
8:55 Double-Bit Axe
8:53 Horse Collar
11:43 Wheelbarrow
13:10 Feudal Age
13:08 Gold Mining
15:59 Bow Saw
15:51 Heavy Plow
17:02 Gold Shaft Mining
16:48 Hand Cart
19:26 Castle Age
17:28 Stone Mining
19:26 Scale Barding Armor
19:31 Forging
22:07 Two-Man Saw
20:36 Cavalier
21:15 Loom
23:23 Chain Barding Armor
26:55 Loom
28:28 Husbandry
32:32 Herbal Medicine
34:16 Burgundian Vineyards
38:17 Imperial Age
36:53 Iron Casting
36:28 Light Cavalry
37:41 Burgundian Vineyards
39:05 Hussar
40:40 Plate Barding Armor
40:11 Paladin
40:23 Elite Skirmisher
45:30 Conscription
46:29 Blast Furnace
aśoka
11:07 Feudal Age
15:21 Castle Age
13:40 Double-Bit Axe
13:58 Horse Collar
19:27 Loom
27:38 Wheelbarrow
26:48 Town Watch
27:03 Gold Mining
28:24 Bow Saw
28:17 Heavy Plow
28:30 Forging
29:03 Bloodlines
28:54 Husbandry
29:14 Scale Barding Armor
31:11 Hand Cart
33:27 Imperial Age
31:07 Town Patrol
32:08 Chain Barding Armor
32:24 Iron Casting
32:30 Gold Shaft Mining
35:21 Ballistics
34:26 Heavy Camel Rider
35:47 Plate Barding Armor
35:24 Murder Holes
36:30 Chemistry
38:28 Farimba
39:55 Fletching
40:05 Padded Archer Armor
41:39 Conscription
41:16 Bodkin Arrow
41:37 Leather Archer Armor
41:46 Ballistics
41:37 Masonry
44:49 Elite Skirmisher
!
11:33 Feudal Age
15:50 Castle Age
15:34 Double-Bit Axe
15:31 Horse Collar
16:54 Bow Saw
28:21 Heavy Plow
29:13 Loom
30:27 Wheelbarrow
30:10 Town Watch
30:35 Fletching
30:45 Padded Archer Armor
32:36 Leather Archer Armor
32:54 Hand Cart
34:24 Fletching
38:35 Imperial Age
39:54 Scale Barding Armor
39:59 Forging
40:11 Gold Mining
40:55 Crop Rotation
40:18 Stone Mining
40:12 Elite Battle Elephant
41:45 Chain Barding Armor
42:00 Husbandry
44:59 Cavalier
45:49 Bloodlines
46:16 Iron Casting
46:17 Plate Barding Armor
49:53 Blast Furnace
stvmllc
7:29 Loom
9:47 Feudal Age
13:22 Fletching
15:01 Champi Runner
15:51 Double-Bit Axe
19:39 Horse Collar
27:39 Forging
27:29 Scale Mail Armor
30:19 Castle Age
29:49 Padded Archer Armor
31:33 Wheelbarrow
33:57 Heavy Plow
34:07 Bow Saw
34:05 Champi Warrior
34:56 Bodkin Arrow
35:19 Chain Mail Armor
35:01 Bodkin Arrow
35:26 Squires
36:18 Iron Casting
39:02 Leather Archer Armor
41:24 Elite Skirmisher
42:31 Ballistics
m00n
10:45 Feudal Age
11:21 Loom
16:34 Castle Age
16:07 Stone Mining
27:08 Double-Bit Axe
38:55 Red Cliffs Tactics
42:21 Pikeman
43:03 Squires
47:30 Wheelbarrow
49:27 Imperial Age
47:22 Scale Mail Armor
47:32 Forging
48:52 Gold Mining
49:37 Stone Shaft Mining
49:23 Chain Mail Armor
49:43 Iron Casting
48:57 Horse Collar
49:34 Bow Saw
Umbekant87
10:42 Feudal Age
14:24 Castle Age
12:40 Double-Bit Axe
13:10 Horse Collar
20:49 Bow Saw
22:08 Heavy Plow
24:49 Wheelbarrow
24:52 Loom
26:22 Hand Cart
27:24 Gold Mining
30:37 Imperial Age
28:20 Scale Barding Armor
28:17 Husbandry
29:02 Bloodlines
29:41 Gold Shaft Mining
28:59 Stone Mining
30:11 Chain Barding Armor
29:55 Town Watch
31:17 Conscription
31:34 Plate Barding Armor
30:23 Cavalier
31:24 Forging
33:03 Two-Man Saw
31:46 Savar
33:03 Iron Casting
35:24 Blast Furnace
36:00 Fletching
37:44 Citadels
38:40 Bodkin Arrow
38:30 Heavy Camel Rider
42:21 Stone Shaft Mining
42:09 Masonry
43:29 Scale Mail Armor
42:51 Pikeman
43:33 Squires
44:49 Chain Mail Armor
45:37 Hoardings
46:50 Plate Mail Armor
45:43 Halberdier
48:03 Arson
48:21 Padded Archer Armor
Unknown
10:09 Feudal Age
10:45 Double-Bit Axe
10:44 Horse Collar
16:45 Castle Age
15:22 Stone Mining
16:20 Loom
17:42 Bow Saw
18:14 Stone Shaft Mining
19:24 Heavy Plow
31:15 Gold Mining
35:05 Imperial Age
33:11 Wheelbarrow
33:20 Wheelbarrow
33:17 Scale Mail Armor
33:28 Forging
35:46 Capped Ram
37:14 Ironclad
37:48 Chain Mail Armor
37:43 Forging
39:07 Plate Mail Armor
38:59 Conscription
39:31 Heavy Scorpion
40:00 Town Watch
41:19 Onager
42:42 Iron Casting
42:00 Fletching
42:11 Padded Archer Armor
44:29 Blast Furnace
44:53 Elite Teutonic Knight
fechinoo
10:53 Feudal Age
11:26 Feudal Age
12:10 Double-Bit Axe
15:08 Castle Age
13:03 Horse Collar
21:14 Bow Saw
22:19 Heavy Plow
23:52 Wheelbarrow
23:15 Gold Mining
23:16 Stone Mining
25:41 Gold Shaft Mining
24:57 Stone Mining
26:16 Hand Cart
27:31 Stone Shaft Mining
27:34 Fletching
31:05 Imperial Age
28:54 Bodkin Arrow
28:59 Padded Archer Armor
29:03 Loom
29:04 Town Watch
30:24 Ballistics
30:20 Padded Archer Armor
30:30 Forging
32:19 Conscription
32:23 Bracer
33:29 Chemistry
32:49 Thumb Ring
33:09 Parthian Tactics
32:57 Bloodlines
32:47 Husbandry
33:36 Elite Mangudai
34:50 Leather Archer Armor
34:47 Masonry
36:44 Hoardings
36:09 Capped Ram
37:43 Coinage
37:01 Siege Ram
38:28 Forging
38:24 Scale Barding Armor
38:55 Caravan
39:25 Banking
39:28 Drill
39:07 Murder Holes
39:28 Light Cavalry
41:41 Fortified Wall
41:36 Siege Engineers
44:31 Chain Barding Armor
44:46 Iron Casting
44:40 Hussar
Connection lost

Rejoining the realm…

Still unreachable

The connection could not be restored.

Session expired

The server has moved on; the page needs a fresh start.